 Dungeon Crawl Stone Soup version 0.29-a0-1047-g7c58e119a4 (webtiles) character file.

Game seed: 6198230808355079285

53 ytrimaz the Insei (level 3, 0/26 HPs)
             Began as a Demonspawn Transmuter on Aug 16, 2022.
             Killed from afar by Terence (7 damage)
             ... with a puff of flame
             ... on level 2 of the Dungeon.
             The game lasted 00:03:22 (2086 turns).

ytrimaz the Insei (Demonspawn Transmuter)           Turns: 2086, Time: 00:03:22

Health: 0/26       AC:  2    Str: 10    XL:     3   Next: 62%
Magic:  7/7        EV: 12    Int: 16    God:
Gold:   77         SH:  0    Dex: 13    Spells: 6/7 levels left

rFire   . . .      SeeInvis .     - Unarmed
rCold   . . .      Faith    .   (no shield)
rNeg    . . .      Spirit   .   a - +0 robe
rPois   .          Reflect  .   (helmet restricted)
rElec   .          Harm     .   (no cloak)
rCorr   .          Rampage  .   (no gloves)
Will    .....                   (no boots)
Stlth   +.........              (no amulet)
HPRegen 0.08/turn               (no ring)
MPRegen 0.10/turn               (no ring)

@: no status effects
A: horns 1
a: no special abilities


You were on level 2 of the Dungeon.
You visited 1 branch of the dungeon, and saw 2 of its levels.

You collected 77 gold pieces.

Inventory:

Missiles
 b - a throwing net
Armour
 a - a +0 robe (worn)
Scrolls
 d - a scroll of enchant armour
 e - a scroll of enchant weapon
Potions
 c - a potion of invisibility {unknown}
 f - a potion of flight {unknown}
 g - a potion of attraction {unknown}
 i - a potion of heal wounds


   Skills:
 - Level 1.0 Fighting
 - Level 1.7 Dodging
 + Level 3.3 Unarmed Combat
 * Level 2.7 Spellcasting
 * Level 2.4 Transmutations


You had 6 spell levels left.
You knew the following spells:

 Your Spells              Type           Power      Damage    Failure   Level
a - Beastly Appendage     Tmut           18%        N/A       7%          1

Your spell library contained the following spells:

 Spells                   Type           Power      Damage    Failure   Level
 Wereblood                Tmut           9%         N/A       11%         2
 Spider Form              Tmut/Pois      6%         N/A       34%         3
 Ice Form                 Ice/Tmut       6%         N/A       75%         4


Dungeon Overview and Level Annotations

Branches:
Dungeon (2/15)

Altars:

Shops:
D:1 :

Annotations:
D:1 2 runed translucent doors
D:2 Terence


Innate Abilities, Weirdness & Mutations

You have a pair of small horns on your head.


Message History

The worm misses you.
You barely miss the worm. You claw the worm.
The worm is moderately wounded.
The worm bites you but does no damage.
You hit the worm but do no damage. You headbutt the worm.
The worm is heavily wounded.
You hit the worm. You claw the worm.
You kill the worm!
Your transformation is almost over.
Unknown command.
No target in view!
Your talons disappear.
Found a short sword.
f - an emerald potion
g - a sedimented puce potion
h - a scroll labelled EQOUTUNI DERU
i - a potion of heal wounds
j - a scroll labelled XESEOWKIHEC You open the door.
There is an open door here.
Found 4 stones.
As you read the scroll labelled EQOUTUNI DERU, it crumbles to dust.
It is a scroll of amnesia.
Forget Beastly Appendage, freeing 1 spell level for a total of 7?
Really abort (and waste the scroll)?
Okay, then.
As you read the scroll labelled XESEOWKIHEC, it crumbles to dust.
It is a scroll of brand weapon.
You aren't carrying any weapons that can be branded.
Found an escape hatch in the ceiling.
You see here 4 stones.
Terence the Incautious comes into view.
He is wielding a +0 trident and carrying a wand of flame (18).
Terence shouts!
Terence hits you from afar with a +0 trident.
Terence zaps a wand.
The puff of flame hits you!
You see here 4 stones.
Terence zaps a wand.
The puff of flame hits you.
* * * LOW HITPOINT WARNING * * *
Terence zaps a wand.
The puff of flame hits you!
You die...

##### #....
#....#################
#.....@.(...@....^....
#..<.#########........
####. #.####### #.
##'###### #. #.......#
#. #.......# #.
#.......# #.
#######.##############
......................


You could see Terence.

Vanquished Creatures
  An adder (D:2)
  A worm (D:2)
  5 ball pythons
  2 bats (D:1)
  5 endoplasms (D:1)
  3 giant cockroaches (D:1)
  A goblin (D:1)
  4 hobgoblins
  4 jackals (D:1)
  2 kobolds (D:1)
  2 quokkas
  3 frilled lizards (D:1)
  2 rats (D:1)
35 creatures vanquished.

Vanquished Creatures (others)
  3 fungi (D:1)
3 creatures vanquished.

Grand Total: 38 creatures vanquished

Notes
Turn   | Place    | Note
-------+----------+-------------------------------------------
     0 | D:1      | ytrimaz the Demonspawn Transmuter began the quest for the
                  | Orb.
     0 | D:1      | Reached XP level 1. HP: 15/15 MP: 3/3
   234 | D:1      | Discovered your monstrous ancestry.
   234 | D:1      | Mutation became permanent: You have a pair of small horns
                  | on your head. [demonic ancestry]
   234 | D:1      | Gained mutation: You have a pair of horns on your head.
                  | [demonic ancestry]
   234 | D:1      | Reached XP level 2. HP: 21/21 MP: 3/5
   238 | D:1      | Reached skill level 3 in Unarmed Combat
   295 | D:1      | Found a large runed translucent door.
   295 | D:1      | Found a large runed translucent door.
   307 | D:1      | HP: 1/21 [hobgoblin (4)]
  1035 | D:1      | Upgraded the game from 0.29-a0-1043-g569b05d6ff to
                  | 0.29-a0-1047-g7c58e119a4
  1086 | D:1      | HP: 1/21 [jackal (2)]
  1092 | D:1      | Reached XP level 3. HP: 20/26 MP: 4/6
  1265 | D:1      | Found a faded altar of an unknown god.
  1391 | D:1      | Found Zaynuch's Book Shoppe.
  2079 | D:2      | Noticed Terence
  2086 | D:2      | Killed from afar by Terence

Illustrated notes

Levels and vault maps discovered:
D:1:      erik_arrival_cave_to_civilisation [erik_arrival_cave_to_temple],
          layout_rooms, serial_shops, shop, hellmonk_ecumenical_altar_run_dry,
          dreamdust_mushroom_princess
D:2:      layout_basic, uniq_terence

Skill      XL: |  1  2 |
---------------+-------+-----
Transmutations | 2 |  2.4
Unarmed Combat | 3 |  3.3
Fighting       | |  1.0
Dodging        | |  1.7
Spellcasting   | |  2.7

Action                   || total
-------------------------++-------
Melee: Unarmed           ||   110
       Kick              ||    23
       Headbutt          ||    11
       Punch             ||     1
 Cast: Beastly Appendage ||    17
  Use: Potion            ||     2
       Scroll            ||     5
Armor: Robe              ||    26
       Skin              ||     4
Dodge: Dodged            ||    85

Table legend: (Time is in decaauts)
 A = Elapsed time spent in this place.
 B = Non-inter-level travel time spent in this place.
 C = Inter-level travel time spent in this place.
 D = Time resting spent in this place.
 E = Time spent auto-exploring this place.
 F = Levels seen in this place.
 G = Mean time per level.
                   A        B        C        D        E       F      G
               +--------+--------+--------+--------+--------+-----+--------+
         Total |   2079 |   2016 |     63 |    186 |   1559 |   2 | 1039.5 |
       Dungeon |   2079 |   2016 |     63 |    186 |   1559 |   2 | 1039.5 |
               +--------+--------+--------+--------+--------+-----+--------+

Top non-repeatable levels by time:
     D:1: 1670 daAuts
     D:2: 408 daAuts
